 Dungeon Crawl Stone Soup version 0.29.1-13-g9f3cf754e1 (webtiles) character file.

Game seed: 12775621518835648593

108 Thatpatchoflichen the Slasher (level 4, -2/34 (35) HPs)
             Began as a Demonspawn Gladiator on Feb 4, 2023.
             Killed from afar by Sigmund (6 damage)
             ... with a magic dart
             ... on level 2 of the Dungeon.
             The game lasted 00:03:48 (2088 turns).

Thatpatchoflichen the Slasher (DsGl)                Turns: 2088, Time: 00:03:49

HP:   -2/34 (35)    AC:  7    Str: 14    XL:     4   Next: 58%
MP:   4/4           EV: 12    Int:  9    God:
Gold: 107           SH:  0    Dex: 17    Spells: 3/3 levels left

rFire   . . .      SeeInvis .   v - +2 dagger (drain)
rCold   + . .      Faith    .   (no shield)
rNeg    . . .      Spirit   .   l - +0 ring mail
rPois   .          Reflect  .   c - +0 helmet
rElec   .          Harm     .   r - +0 cloak
rCorr   .          Rampage  .   (no gloves)
Will    .....                   (no boots)
Stlth   ..........              (no amulet)
HPRegen 0.11/turn               k - ring of protection from cold
MPRegen 0.09/turn               (no ring)

@: confused, lightly drained
A: hooves 1, spiny 1
a: no special abilities


You were on level 2 of the Dungeon.
You visited 1 branch of the dungeon, and saw 3 of its levels.

You collected 107 gold pieces.

Inventory:

Hand Weapons
 a - a +0 long sword
 v - a +2 dagger of draining (weapon)
Missiles
 d - 3 throwing nets (quivered)
 e - a javelin
 s - 5 boomerangs
 t - 5 poisoned darts
Armour
 b - a +0 leather armour
 c - a +0 helmet (worn)
 l - a +0 ring mail (worn)
 r - a +0 cloak (worn)
Jewellery
 j - an amulet of magic regeneration
 k - a ring of protection from cold (left hand)
Scrolls
 g - a scroll of noise {unknown}
 h - a scroll of fog {unknown}
 i - 6 scrolls of identify {unknown}
 n - 3 scrolls of teleportation {unknown}
 p - 2 scrolls of enchant weapon {unknown}
Potions
 f - a potion of haste {unknown}
 m - a potion of attraction {unknown}
 o - a potion of curing {unknown}
 q - a potion of might {unknown}
 u - a potion of brilliance {unknown}


   Skills:
 + Level 3.2 Fighting
 + Level 3.5 Long Blades
 - Level 1.7 Throwing
 + Level 3.5 Dodging


You had 3 spell levels left.
You didn't know any spells.
Your spell library contained the following spells:

 Spells                   Type           Power      Damage    Failure   Level
 Ensorcelled Hibernation  Hex/Ice        0%         N/A       77%         2
 Passwall                 Tmut/Erth      0%         N/A       77%         2
 Swiftness                Air            0%         N/A       94%         3


Dungeon Overview and Level Annotations

Branches:
Dungeon (3/15)

Altars:

Shops:
D:2 [

Annotations:
D:2 Sigmund


Innate Abilities, Weirdness & Mutations

You have large cloven feet.
You are partially covered in sharp spines.


Message History

The goblin closely misses you.
You hit the goblin.
You kill the goblin!
Something hits you. Something hits you but does no damage.
You see here a +2 dagger of draining.
You hear some strange, mumbled words.
A puff of flame appears from out of thin air!
The puff of flame hits you but does no damage.
There is a stone staircase leading down here.
You closely miss something. Your kick misses something. Something hits you.
You hit something but do no damage. Something hits you.
You miss something. Your kick misses something. You miss something.
Your kick misses something. Something hits you but does no damage.
You hit something. Your kick misses something. Something hits you!
You hit something.
You hear some strange, mumbled words.
A puff of flame appears from out of thin air!
The puff of flame hits you.
* * * LOW HITPOINT WARNING * * *
You hit something but do no damage. Something hits you but does no damage.
Something hits you but does no damage.
You see here a +2 dagger of draining.
v - a +2 dagger of draining Something hits you but does no damage.
You sense an unholy aura.
v - a +2 dagger of draining (weapon)
You hear some strange, mumbled words.
You are confused.
There is a stone staircase leading down, spattered with blood here.
You miss something. Something hits you.
* * * LOW HITPOINT WARNING * * *
You bump into the rock wall.
Something barely misses you.
You bump into the rock wall.
You hit something. Your kick misses something.
You hear some strange, mumbled words.
A magic dart appears from out of thin air!
The magic dart hits you.
You die...

##### #.... #.### #.# #
####################.###
#.....{@................
#.#######.#........#.###
#..................#.# #
#........#.........#.# #
#........#.........#.# #
#........+.........+.# #
##.......#.........### #
#.................# #
#............##########


There were no monsters in sight!

Vanquished Creatures
  Jessica (D:2)
  3 adders
  2 dart slugs
  A ball python (D:1)
  7 endoplasms
  3 giant cockroaches
  4 goblins
  6 hobgoblins
  4 kobolds
  3 quokkas
  8 bats
  2 frilled lizards
  A rat (D:2)
45 creatures vanquished.

Notes
Turn   | Place    | Note
-------+----------+-------------------------------------------
     0 | D:1      | Thatpatchoflichen the Demonspawn Gladiator began the quest
                  | for the Orb.
     0 | D:1      | Reached XP level 1. HP: 16/16 MP: 1/1
   337 | D:1      | Gained mutation: You are partially covered in sharp spines.
                  | [demonic ancestry]
   337 | D:1      | Reached XP level 2. HP: 15/22 MP: 2/2
  1044 | D:1      | Found a faded altar of an unknown god.
  1334 | D:2      | Found Hylekami's Armour Boutique.
  1350 | D:2      | Gained mutation: You have large cloven feet. [demonic
                  | ancestry]
  1350 | D:2      | Reached XP level 3. HP: 24/28 MP: 3/3
  1395 | D:2      | Noticed Jessica
  1423 | D:2      | Killed Jessica
  1424 | D:2      | Reached XP level 4. HP: 29/35 MP: 4/4
  2066 | D:3      | Noticed Sigmund
  2088 | D:2      | Killed from afar by Sigmund

Illustrated notes

Levels and vault maps discovered:
D:1:      arrival_zaba_pyramid, layout_basic,
          shapermc_ecumenical_altar_notcrosses
D:2:      minmay_skewed_foursquare, layout_basic, basic_altar, serial_shops,
          nicolae_shop_crystal, hangedman_decor_riveting, uniq_jessica
D:3:      layout_loops_ring, gammafunk_temple_overflow_statue,
          minmay_misc_feat_x, serial_bayou_crossing, uniq_sigmund, uniq_natasha

Skill      XL: |  1  2  3 |
---------------+----------+-----
Dodging        | 3 |  3.5
Long Blades    | 3 |  3.5
Fighting       | 3 |  3.2
Throwing       | |  1.7

Action                   |  1- 3 |  4- 6 || total
-------------------------+-------+-------++-------
Melee: Long sword        |    44 |    25 ||    69
       Punch             |     1 |       ||     1
       Kick              |     1 |     5 ||     6
       Dagger            |       |     2 ||     2
 Stab: Sleeping          |     1 |       ||     1
Armor: Leather armour    |     5 |       ||     5
       Ring mail         |    16 |    14 ||    30
Dodge: Dodged            |    31 |    25 ||    56
